 Dungeon Crawl Stone Soup version 0.26-a0-663-g36e8fdb655 (webtiles) character file.

Game seed: 4189661931078281469

21 jasper the Cudgeler (level 2, 0/19 HPs)
             Began as a Gargoyle Abyssal Knight on Oct 10, 2020.
             Was a Follower of Lugonu.
             Slain by a hobgoblin (2 damage)
             ... on level 2 of the Dungeon.
             The game lasted 00:01:32 (302 turns).

jasper the Cudgeler (Gargoyle Abyssal Knight)        Turns: 302, Time: 00:01:33

Health: 0/19       AC:  6    Str: 15    XL:     2   Next: 87%
Magic:  3/3        EV: 11    Int: 12    God:    Lugonu [*.....]
Gold:   24         SH:  0    Dex:  9    Spells: 1/1 levels left

rFire    . . .     SeeInvis .   a - +1 mace
rCold    . . .     Faith    .   (no shield)
rNeg     + . .     Spirit   .   b - +0 leather armour
rPois    ∞         Reflect  .   (no helmet)
rElec    +         Harm     .   (no cloak)
rCorr    .         Rampage  .   (no gloves)
MR       .....                  (no boots)
Stlth    +.........             (no amulet)
HPRegen  0.06/turn              (no ring)
MPRegen  0.08/turn              (no ring)

@: no status effects
A: negative energy resistance 1, electricity resistance, unbreathing,
petrification resistance, rot immunity, AC +2
a: Depart the Abyss, Renounce Religion


You were on level 2 of the Dungeon.
You worshipped Lugonu.
Lugonu was aware of your devotion.
You visited 1 branch of the dungeon, and saw 2 of its levels.
You visited the Abyss 1 time.

You collected 24 gold pieces.

Inventory:

Hand Weapons
 a - a +1 mace (weapon)
Missiles
 c - 11 poisoned darts (quivered)
 d - 6 arrows
Armour
 b - a +0 leather armour (worn)


   Skills:
 - Level 3.2 Fighting
 + Level 3.3 Maces & Flails
 - Level 2.1 Armour
 - Level 0.7 Dodging
 - Level 2.0 Invocations


You had one spell level left.
You didn't know any spells.
Your spell library was empty.

Dungeon Overview and Level Annotations

Branches:
Dungeon (1/15)

Altars:


Innate Abilities, Weirdness & Mutations

You are resistant to torment.
Your stone body is resilient. (AC +2)
You are immune to poison.
You resist negative energy. (rN+)
You are resistant to electric shocks. (rElec)
You can survive without breathing.
You are immune to petrification.
You are immune to rotting.


Message History

You hit the hobgoblin.
The hobgoblin is moderately wounded.
The hobgoblin barely misses you.
You closely miss the hobgoblin.
The hobgoblin is moderately wounded.
The hobgoblin hits you.
* * * LOW HITPOINT WARNING * * *
You take 2 damage, and have 1/19 hp.
The hobgoblin barely misses you.
Throwing (i - inventory)
c - 12 poisoned darts (quivered)
Press: ? - help, Shift-Dir - straight line, f - hobgoblin
Aim: a hobgoblin (moderately wounded)
You throw a poisoned dart. The poisoned dart hits the hobgoblin.
The hobgoblin is moderately wounded.
Found a stone staircase leading up.
The hobgoblin closely misses you.
A rat comes into view.
There is a stone staircase leading up here.
The hobgoblin hits you.
You die...

.... .... #..# #..#
#..# #..# #####
#########..###......
+.(.....gl.g@.......
#.#######..###...r..
#.# #..# ..... #l#
#..# ##.. #g# ...# #
#.# #...# #.# .....
#####.######...#
..g........g.


You could see 2 hobgoblins, a frilled lizard and a rat.

Vanquished Creatures
  An adder (D:2)
  A leopard gecko (D:2)
  3 goblins (D:1)
  2 bats (D:1)
  A frilled lizard (D:1)
  2 kobolds (D:1)
  3 rats (D:1)
13 creatures vanquished.

Vanquished Creatures (others)
  4 toadstools (D:1)
4 creatures vanquished.

Grand Total: 17 creatures vanquished

Notes
Turn   | Place    | Note
-------+----------+-------------------------------------------
     0 | Abyss:1  | jasper the Gargoyle Abyssal Knight began the quest for the
                  | Orb.
     0 | Abyss:1  | Reached XP level 1. HP: 14/14 MP: 2/2
    11 | D:1      | Escaped the Abyss
   135 | D:1      | Reached XP level 2. HP: 18/19 MP: 3/3
   254 | D:1      | You fall into a shaft and drop 1 floor!
   302 | D:2      | Slain by a hobgoblin

Illustrated notes

Levels and vault maps discovered:
D:1:      giann_horns, layout_basic, minivault_26, minmay_gold_behind_fungi
D:2:      layout_basic, minmay_misc_feat_columns

Skill      XL: |  1  2 |
---------------+-------+-----
Maces & Flails | 3 |  3.3
Fighting       | |  3.2
Armour         | |  2.1
Dodging        | |  0.7
Invocations    | |  2.0

Action                   || total
-------------------------++-------
Melee: Mace              ||    39
Throw: Dart              ||    15
  Use: Potion            ||     1
Armor: Leather armour    ||    26
Dodge: Dodged            ||    35

Table legend: (Time is in decaauts)
 A = Elapsed time spent in this place.
 B = Non-inter-level travel time spent in this place.
 C = Inter-level travel time spent in this place.
 D = Time resting spent in this place.
 E = Time spent auto-exploring this place.
 F = Levels seen in this place.
 G = Mean time per level.
                   A        B        C        D        E       F      G
               +--------+--------+--------+--------+--------+-----+--------+
         Total |    312 |    312 |      0 |      0 |    181 |   3 |  104.0 |
       Dungeon |    301 |    301 |      0 |      0 |    176 |   2 |  150.5 |
         Abyss |     11 |     11 |      0 |      0 |      5 |   1 |   11.0 |
               +--------+--------+--------+--------+--------+-----+--------+

Top non-repeatable levels by time:
     D:1: 248 daAuts
     D:2: 52 daAuts
 Abyss:1: 11 daAuts
